 Dungeon Crawl Stone Soup version 0.30-a0-1018-g25214051b3 (webtiles) character file.

Game seed: 13359410894643432547

15 greenreed the Conjurer (level 2, 0/15 HPs)
             Began as a Deep Elf Conjurer on Apr 7, 2023.
             Slain by a gnoll
             ... wielding a +0 spear
              (9 damage)
             ... on level 1 of the Dungeon.
             The game lasted 00:00:17 (372 turns).

greenreed the Conjurer (Deep Elf Conjurer)           Turns: 372, Time: 00:00:18

Health: 0/15       AC:  2    Str:  4    XL:     2   Next: 34%
Magic:  4/8        EV: 12    Int: 22    God:
Gold:   18         SH:  0    Dex: 13    Spells: 6/7 levels left

rFire   . . .      SeeInvis .    (no weapon)
rCold   . . .      Faith    .    (no shield)
rNeg    . . .      Spirit   .    a - +0 robe
rPois   .          Reflect  .    (no helmet)
rElec   .          Rampage  .    (no cloak)
rCorr   .                        (no gloves)
Will    .....                    (no boots)
Stlth   ++                       (no amulet)
HPRegen 0.22/turn                (no ring)
MPRegen 0.11/turn                (no ring)

@: no status effects
A: no striking features
a: no special abilities


You were on level 1 of the Dungeon.
You visited 1 branch of the dungeon, and saw 1 of its levels.

You collected 18 gold pieces.

Inventory:

Armour
 a - a +0 robe (worn)
Potions
 b - a potion of magic
 c - a potion of curing {unknown}


   Skills:
 + Level 2.8 Dodging
 + Level 2.8 Stealth
 + Level 3.3 Spellcasting
 + Level 4.5 Conjurations


You had 6 spell levels left.
You knew the following spells:

 Your Spells              Type           Power      Damage    Failure   Level
a - Magic Dart            Conj           92%        1d7       1%          1

Your spell library contained the following spells:

 Spells                   Type           Power      Damage    Failure   Level
 Searing Ray              Conj           46%        2d6       2%          2
 Dazzling Flash           Conj/Hex       26%        N/A       14%         3
 Fulminant Prism          Conj/Hex       6%         3d7       43%         4
 Iskenderun's Mystic Bla  Conj/Tloc      13%        2d5       43%         4


Dungeon Overview and Level Annotations

Branches:
Dungeon (1/15)

Altars:


Message History

A ball python comes into view.
The magic dart hits the ball python.
The ball python is severely wounded.
The magic dart hits the ball python.
You kill the ball python!
There is a shaft here.
A goblin comes into view. It is wielding a +0 club.
The goblin shouts!
The magic dart hits the goblin.
You kill the goblin!
You see here a +0 club.
You open the door.
Found a chain mail.
There is an open door here.
You can't see any susceptible monsters within range! (Use Z to cast anyway.)
Found a leather armour.
A ball python comes into view.
The magic dart hits the ball python.
You kill the ball python!
You see here a ball python corpse.
Found a stone staircase leading down.
You now have 10 gold pieces.
You now have 18 gold pieces (gained 8).
A gnoll comes into view. It is wielding a +0 spear.
Found a scale mail.
A gnoll is nearby!
The magic dart hits the gnoll.
The gnoll is moderately wounded.
The gnoll hits you from afar with a +0 spear.
The magic dart hits the gnoll but does no damage.
The gnoll is moderately wounded.
The gnoll hits you from afar with a +0 spear.
The magic dart hits the gnoll.
The gnoll is heavily wounded.
The gnoll hits you from afar with a +0 spear.
The magic dart hits the gnoll.
The gnoll is heavily wounded.
The gnoll hits you from afar with a +0 spear!
Ouch! That really hurt!
You die...

.......##...#
.###......#.# .# .#
#.####.#.# .# .#
#....#.#.# .#
.####.<.###.# .#
.##.#....##.# [###
.##.####.##.# g..
..#......##.#####.######
....##..........@.......
#...##.......##########.
#............###........
#..#######..............
##########....##.#######
...........#..##.#
##########.#..##.#
#.#..##.######## #######
#.#.รท##.#......#


You could see a gnoll.

Vanquished Creatures
  A gnoll (D:1)
  3 ball pythons (D:1)
  A goblin (D:1)
  2 rats (D:1)
7 creatures vanquished.

Notes
Turn   | Place    | Note
-------+----------+-------------------------------------------
     0 | D:1      | greenreed the Deep Elf Conjurer began the quest for the
                  | Orb.
     0 | D:1      | Reached XP level 1. HP: 10/10 MP: 6/6
   136 | D:1      | Reached XP level 2. HP: 15/15 MP: 2/8
   372 | D:1      | Slain by a gnoll

Illustrated notes

Levels and vault maps discovered:
D:1:      amcnicky_arrival_double_pillar, layout_basic

Action                     || total
---------------------------++-------
   Cast: Magic Dart        ||    18
  Dodge: Dodged            ||     1

Table legend: (Time is in decaauts)
 A = Elapsed time spent in this place.
 B = Non-inter-level travel time spent in this place.
 C = Inter-level travel time spent in this place.
 D = Time resting spent in this place.
 E = Time spent auto-exploring this place.
 F = Levels seen in this place.
 G = Mean time per level.
                   A        B        C        D        E       F      G
               +--------+--------+--------+--------+--------+-----+--------+
         Total |    372 |    372 |      0 |      0 |    343 |   1 |  372.0 |
       Dungeon |    372 |    372 |      0 |      0 |    343 |   1 |  372.0 |
               +--------+--------+--------+--------+--------+-----+--------+

Top non-repeatable levels by time:
     D:1: 372 daAuts
